 Dungeon Crawl Stone Soup version 0.29-a0-234-g0dae59b3db (webtiles) character file.

Game seed: 8473976681666028425

84 dolemite99 the Digger (level 4, -3/33 HPs)
             Began as a Draconian Earth Elementalist on Mar 3, 2022.
             Was a Priest of Lugonu.
             Slain by an orc priest
             ... wielding a +0 club
              (4 damage)
             ... on level 3 of the Dungeon.
             The game lasted 00:02:49 (2440 turns).

dolemite99 the Digger (DrEE)                        Turns: 2440, Time: 00:02:49

Health: -3/33      AC:  7    Str: 10    XL:     4   Next: 24%
Magic:  0/7        EV: 12    Int: 17    God:    Lugonu [***...]
Gold:   100        SH:  0    Dex: 12    Spells: 6/7 levels left

rFire   . . .      SeeInvis .   a - +0 hand crossbow
rCold   . . .      Faith    .   (no shield)
rNeg    . . .      Spirit   .   (body armour unavailable)
rPois   .          Reflect  .   (helmet restricted)
rElec   .          Harm     .   q - +1 cloak
rCorr   .          Rampage  .   (no gloves)
Will    .....                   (no boots)
Stlth   ++........              (no amulet)
HPRegen 0.11/turn               (no ring)
MPRegen 0.10/turn               (no ring)

@: weak-willed, attractive, flying
A: AC +5, unfitting armour, cold-blooded
a: Renounce Religion, Depart the Abyss, Bend Space, Banish


You were on level 3 of the Dungeon.
You worshipped Lugonu.
Lugonu was most pleased with you.
You visited 1 branch of the dungeon, and saw 3 of its levels.

You collected 100 gold pieces.

Inventory:

Hand Weapons
 a - a +0 hand crossbow (weapon)
 c - a -2 whip
 f - a +0 short sword
 h - a +0 dagger
Missiles
 i - 56 stones
 t - 2 poisoned darts
Armour
 q - a +1 cloak (worn)
Magical Staves
 r - a staff of fire
Jewellery
 d - a ring of protection from fire
 m - a ring of resist corrosion
Wands
 p - a wand of digging (4)
Scrolls
 b - a scroll of enchant weapon {unknown}
 e - a scroll of blinking {unknown}
 o - a scroll of identify {unknown}
 s - a scroll of enchant armour
 u - a scroll of brand weapon {unknown}
Potions
 j - a potion of resistance


   Skills:
 - Level 1.7 Dodging
 - Level 1.7 Stealth
 - Level 2.0 Spellcasting
 - Level 1.0 Transmutations
 + Level 5.1 Earth Magic


You had 6 spell levels left.
You knew the following spells:

 Your Spells              Type           Power      Damage    Failure   Level
a - Sandblast             Erth           38%        2d10      2%          1

Your spell library contained the following spells:

 Spells                   Type           Power      Damage    Failure   Level
 Passwall                 Tmut/Erth      10%        N/A       9%          2
 Stone Arrow              Conj/Erth      20%        3d8       21%         3
 Petrify                  Tmut/Erth      12%        N/A       47%         4
 Gell's Gravitas          Tloc           1%         N/A       50%         3
 Teleport Other           Tloc           1%         N/A       50%         3
 Dispersal                Tloc           0%         N/A       100%        6


Dungeon Overview and Level Annotations

Branches:
Dungeon (3/15)

Altars:
Kikubaaqudgha
Trog
Lugonu


Innate Abilities, Weirdness & Mutations

Your plain brown scales are hard. (AC +5)
You cannot fit into any form of body armour.
You are cold-blooded and may be slowed by cold attacks.


Message History

The orc priest barely misses you. The orc hits you with a +0 club.
The orc is attracted toward you.
Casting: Sandblast (safe; 2% risk of failure)
Confirm with . or Enter, or press ? or * to list all spells.
Aiming: Sandblast (safe; 2% risk of failure)
Press: ? - help, Shift-Dir - straight line, f - orc priest
Aim: an orc priest, wielding a +0 club and wearing a +0 leather armour (79% to hit)
The blast of sand misses the orc priest.
i - 57 stones The orc priest barely misses you.
The orc barely misses you.
As you read the scroll labelled ROLAIF ZAGONU, it crumbles to dust.
You speak a Word of immense power!
It was a scroll of holy word.
The orc priest hits you with a +0 club. The orc closely misses you.
The orc hits you with a +0 club.
* * * LOW HITPOINT WARNING * * *
Your magical contamination has completely faded away.
As you read the scroll labelled PUUL JOEHEAV, it crumbles to dust.
It is a scroll of enchant armour.
Your +0 cloak glows green for a moment.
The orc priest looks braver for a moment.
The orc closely misses you. x2
Casting: Sandblast (safe; 2% risk of failure)
Confirm with . or Enter, or press ? or * to list all spells.
Aiming: Sandblast (safe; 2% risk of failure)
Press: ? - help, Shift-Dir - straight line, f/p - orc priest
Aim: an orc priest, wielding a +0 club and wearing a +0 leather armour (79% to hit)
The blast of sand hits the orc priest.
The orc priest is moderately wounded.
i - 56 stones The orc priest looks braver for a moment.
The orc hits you with a +0 short sword.
* * * LOW HITPOINT WARNING * * *
The orc barely misses you.
As you read the scroll labelled WEUPSU UGGOATI, it crumbles to dust.
Magic quickly surges around you.
It was a scroll of vulnerability.
The orc priest hits you with a +0 club.
* * * LOW HITPOINT WARNING * * *
The orc misses you. x2
The orc priest hits you with a +0 club.
You die...

###..#.....#.#....###.
....##.........##.# #.
.###.............##.# #.
.........###..##....# #.
............#...###.# #.
#..........#.#..# ####.
#....o.....#.##.###....
##..!.o.................
......o@.......########.
##...^......##.......>..
#..........###...#####.
#..........# ###.......
############ ########


You could see an orc priest (weak-willed) and 2 orcs.

Vanquished Creatures
  An orc wizard (D:3)
  A worm (D:2)
  2 dart slugs
  3 orcs (D:3)
  5 endoplasms
  4 giant cockroaches
  5 goblins
  3 hobgoblins
  4 jackals (D:1)
  3 kobolds
  2 quokkas
  5 ball pythons
  2 bats
  2 frilled lizards
  3 rats
45 creatures vanquished.

Notes
Turn   | Place    | Note
-------+----------+-------------------------------------------
     0 | D:1      | dolemite99 the Draconian Earth Elementalist began the quest
                  | for the Orb.
     0 | D:1      | Reached XP level 1. HP: 14/14 MP: 3/3
    53 | D:1      | Found a faded altar of an unknown god.
    58 | D:1      | Prayed at the altar of an unknown god.
    58 | D:1      | Became a worshipper of Lugonu the Unformed
    58 | D:1      | Reached * piety under Lugonu
    58 | D:1      | Reached ** piety under Lugonu
   370 | D:1      | Reached XP level 2. HP: 20/20 MP: 3/5
   941 | D:1      | Reached skill level 4 in Earth Magic
  1534 | D:2      | Reached XP level 3. HP: 17/26 MP: 4/6
  2176 | D:3      | Found an ancient bone altar of Kikubaaqudgha.
  2192 | D:3      | Reached *** piety under Lugonu
  2314 | D:3      | Found a bloodstained altar of Trog.
  2433 | D:3      | Reached skill level 5 in Earth Magic
  2433 | D:3      | Reached XP level 4. HP: 13/33 MP: 1/7
  2439 | D:3      | HP: 1/33 [orc priest/+0 club (1)]
  2440 | D:3      | Slain by an orc priest

Illustrated notes

Levels and vault maps discovered:
D:1:      tarquinn_simple_flora_water_a, layout_loops_cross,
          ebering_ecumenical_altar_rust
D:2:      layout_basic
D:3:      layout_rooms, mainiacjoe_overflow_surrounded_room,
          mainiacjoe_overflow_alcove_4

Skill      XL: |  1  2  3 |
---------------+----------+-----
Earth Magic    | 4 5 |  5.1
Dodging        | |  1.7
Stealth        | |  1.7
Spellcasting   | |  2.0
Transmutations | |  1.0

Action                   |  1- 3 |  4- 6 || total
-------------------------+-------+-------++-------
Melee: Unarmed           |     4 |       ||     4
       Tailslap          |     1 |       ||     1
       Punch             |     1 |       ||     1
       Short sword       |     1 |       ||     1
 Fire: Hand crossbow     |    65 |       ||    65
 Cast: Sandblast         |    40 |     2 ||    42
  Use: Scroll            |       |     3 ||     3
       Potion            |       |     2 ||     2
Armor: Skin              |    31 |     1 ||    32
Dodge: Dodged            |    46 |     9 ||    55

Table legend: (Time is in decaauts)
 A = Elapsed time spent in this place.
 B = Non-inter-level travel time spent in this place.
 C = Inter-level travel time spent in this place.
 D = Time resting spent in this place.
 E = Time spent auto-exploring this place.
 F = Levels seen in this place.
 G = Mean time per level.
                   A        B        C        D        E       F      G
               +--------+--------+--------+--------+--------+-----+--------+
         Total |   2471 |   2291 |    180 |    502 |   1339 |   3 |  823.7 |
       Dungeon |   2471 |   2291 |    180 |    502 |   1339 |   3 |  823.7 |
               +--------+--------+--------+--------+--------+-----+--------+

Top non-repeatable levels by time:
     D:1: 1312 daAuts
     D:2: 680 daAuts
     D:3: 478 daAuts
